 Dungeon Crawl Stone Soup version 0.17-a0-744-gaa96792 (webtiles) character file.

24 barthelme the Skirmisher (level 2, 0/29 HPs)
             Began as a Troll Berserker on Apr 21, 2015.
             Was a Follower of Trog.
             Slain by a gnoll
             ... wielding a +0 flail
              (8 damage)
             ... on level 2 of the Dungeon.
             The game lasted 00:03:59 (1317 turns).

barthelme the Skirmisher (Troll Berserker)          Turns: 1317, Time: 00:03:59

Health: 0/29       AC:  5    Str: 24    XL:     2   Next: 79%
Magic:  1/1        EV: 10    Int:  3    God:    Trog [*.....]
Gold:   51         SH:  0    Dex:  9    Spells: 0 memorised, 1 level left

rFire  . . .     SeeInvis .     a - +0 hand axe
rCold  . . .     Clarity  .     b - +0 animal skin
rNeg   . . .     SustAb   .     (no shield)
rPois  .         Gourm    +     (helmet restricted)
rElec  .         Spirit   .     (no cloak)
rCorr  .         Warding  .     (gloves unavailable)
rMut   .         Stasis   .     (boots unavailable)
MR     .....                    (no amulet)
Stlth  +.........               (no ring)
                                (no ring)

@: very slightly contaminated, not resistant to hostile enchantments, very
unstealthy
A: unfitting armour, claws 3, fast metabolism 3, gourmand, regeneration 2,
shaggy fur 1, tough skin 2
a: Burn Spellbooks, Berserk, Renounce Religion


You were on level 2 of the Dungeon.
You worshipped Trog.
Trog was aware of your devotion.
You were not hungry.

You visited 1 branch of the dungeon, and saw 2 of its levels.

You collected 51 gold pieces.

Inventory:

Hand weapons
 a - a +0 hand axe (weapon)
Armour
 b - a +0 animal skin (worn)
Jewellery
 p - a +4 ring of protection {unknown}
 q - an uncursed ring of protection from cold {unknown}
Scrolls
 e - 2 scrolls of blinking
 f - 2 scrolls of immolation {unknown}
 g - a scroll of enchant weapon {unknown}
 h - 3 scrolls of noise
 i - a scroll of amnesia {unknown}
 j - a scroll of fog {unknown}
 l - a scroll of identify {unknown}
 m - 2 scrolls of enchant armour {unknown}
 n - a scroll of random uselessness {unknown}
 o - a scroll of recharging {unknown}
Comestibles
 c - a bread ration
 d - a beef jerky
 k - a meat ration


   Skills:
 + Level 2.9 Fighting
 + Level 2.7 Axes
 + Level 2.6 Dodging


You had one spell level left.
You didn't know any spells.

Dungeon Overview and Level Annotations

Branches:
Dungeon (2/15)

Altars:
Trog


Innate Abilities, Weirdness & Mutations

You are too large for most types of armour.
You have claws for hands.
Your metabolism is lightning-fast.
You like to eat raw meat.
You heal very quickly.
You are covered in fur (AC +1).
You have very tough skin (AC +2).


Message History

The gnoll is moderately wounded.
The gnoll shouts!
The gnoll barely misses you. x2
You hit the gnoll but do no damage.
The gnoll is moderately wounded.
The gnoll hits you but does no damage. The gnoll hits you with a flail!
You closely miss the gnoll.
The gnoll is moderately wounded.
The gnoll hits you but does no damage. The gnoll hits you with a flail!
* * * LOW HITPOINT WARNING * * *
You are too injured to fight recklessly!
You are too injured to fight recklessly!
You are too injured to fight recklessly!
Blink to where?
Press: ? - help, Dir - move target cursor You are very lightly contaminated with residual magic.
As you read the scroll of blinking, it crumbles to dust.
You see here a stone.
The gnoll hits you with a flail!
You die...

#†.######. #.....#
###..#.###.#
...........#
###....#############
...................#
####..############.#
....>...........#.#
.###############@#.#
#.[[gg§g..g(#.g.#.#
#.#########.#.###.##
#..g...[..#
#..#.######
#..#.#....#
#.(#......#
#..###.#### #..# #.#


You could see 2 gnolls.

Vanquished Creatures
  A worm (D:2)
  A goblin (D:1)
  5 hobgoblins
  3 kobolds
  A ball python (D:2)
  A bat (D:1)
  2 giant cockroaches
  A giant newt (D:1)
  7 rats
22 creatures vanquished.

Notes
Turn   | Place    | Note
--------------------------------------------------------------
     0 | D:1      | barthelme, the Troll Berserker, began the quest for the Orb.
     0 | D:1      | Reached XP level 1. HP: 22/22 MP: 0/0
   459 | D:1      | Reached XP level 2. HP: 27/29 MP: 1/1
  1202 | D:2      | Found a bloodstained altar of Trog.
  1317 | D:2      | Slain by a gnoll

Action                   || total
-------------------------++-------
Melee: Hand axe          ||    69
  Use: Scroll            ||     3
  Eat: Chunk             ||     8
       Bread ration      ||     1
